 Dungeon Crawl Stone Soup version 0.29.1-2-gbd0b4ee654 (webtiles) character file.

Game seed: 2398507045233826602

2756 Hiippo the Cleaver (level 9, -2/118 HPs)
             Began as a Palentonga Berserker on Nov 30, 2022.
             Was an Elder of Trog.
             Slain by an orc warrior
             ... wielding a +0 glaive
              (8 damage)
             ... on level 8 of the Dungeon on Dec 1, 2022.
             The game lasted 00:42:51 (7641 turns).

Hiippo the Cleaver (Palentonga Berserker)           Turns: 7641, Time: 00:42:51

Health: -2/118     AC: 17    Str: 33    XL:     9   Next: 41%
Magic:  9/9        EV:  6    Int:  7    God:    Trog [****..]
Gold:   269        SH:  0    Dex: 10    Spells: 8/8 levels left

rFire   . . .      SeeInvis +   D - +1 hand axe (freeze)
rCold   + . .      Faith    .   (no shield)
rNeg    . . .      Spirit   .   g - +1 plate armour
rPois   .          Reflect  .   (no helmet)
rElec   .          Harm     .   (no cloak)
rCorr   .          Rampage  .   N - +0 pair of gloves
Will    .....                   (no barding)
Stlth   ..........              (no amulet)
HPRegen 0.29/turn               l - ring of protection from cold
MPRegen 0.11/turn               t - +6 ring of strength

@: berserking, about to teleport, curled up, very quick
A: large, rugged brown scales 3, see invisible, deformed body, roll 1, armoured
tail, reflexive curl, hooves 1
a: Rolling Charge, Renounce Religion, Berserk, Trog's Hand, Brothers in Arms


You were on level 8 of the Dungeon.
You worshipped Trog.
Trog was greatly pleased with you.
You visited 1 branch of the dungeon, and saw 8 of its levels.
You also visited: Sewer.

You collected 269 gold pieces.

Inventory:

Hand Weapons
 a - a +1 hand axe of protection
 D - a +1 hand axe of freezing (weapon)
Missiles
 q - 3 throwing nets
Armour
 b - a +0 animal skin
 c - a +0 leather armour
 g - a +1 plate armour (worn)
 i - a +1 robe of resistance
 j - an orb of wrath
 M - a scarf of invisibility
 N - a +0 pair of gloves (worn)
Jewellery
 l - a ring of protection from cold (left hand)
 o - a ring of protection from cold
 t - a +6 ring of strength (right hand)
Wands
 B - a wand of polymorph (7)
 C - a wand of roots (12)
 J - a wand of charming (8)
Scrolls
 f - 2 scrolls of magic mapping
 r - 2 scrolls of immolation
 v - 2 scrolls of poison
 w - 2 scrolls of noise
 y - a scroll of brand weapon
 A - 3 scrolls of blinking
 L - a scroll of fog
Potions
 d - 3 potions of magic
 e - a potion of lignification {unknown}
 h - 5 potions of curing
 k - 3 potions of might
 m - 4 potions of degeneration
 u - 2 potions of brilliance
 z - a potion of mutation
 E - a potion of heal wounds
 I - 2 potions of attraction


   Skills:
 + Level 8.1 Fighting
 * Level 11.0 Axes
 - Level 1.7 Armour
 - Level 1.7 Dodging


You had 8 spell levels left.
You didn't know any spells.
Your spell library was empty.

Dungeon Overview and Level Annotations

Branches:
Dungeon (8/15)             Temple (0/1) D:7           Sewer (visited)
   Lair: D:8-11

Altars:
Elyvilon
Fedhas
Kikubaaqudgha
Makhleb
Nemelex Xobeh
Ru
Yredelemnul

Shops:
D:6 *

Annotations:
D:8 Joseph


Innate Abilities, Weirdness & Mutations

You are completely covered in rugged brown scales. (AC +3, +7% HP)
You have supernaturally acute eyesight. (SInv)
Armour fits poorly on your strangely shaped body.
You can roll at nearby foes to attack.
You have a long armoured tail.
You curl defensively after being hit. (AC +7*)
You have large cloven feet.


Message History

You kill the orc!
Trog accepts your kill.
Joseph unwields a +0 quarterstaff.
Joseph wields a +2 sling of flaming.
It bursts into flame!
Joseph shoots a sling bullet.
The sling bullet closely misses you.
Roll where?
Press: ? - help, Q - select action, (/) - cycle Dir - move target, f - orc warrior
Aim: an orc warrior, wielding a +0 glaive and wearing a +0 plate armour You roll forward with a clatter of scales!
You slice the orc warrior!! You freeze the orc warrior.
The orc warrior is almost dead.
You slash Joseph! You freeze Joseph. The orc warrior closely misses you.
Joseph unwields a +2 sling of flaming.
It stops flaming.
Joseph wields a +0 quarterstaff.
Joseph hits you with a +0 quarterstaff!
You hit Joseph. You freeze Joseph.
Joseph is moderately wounded.
You barely miss the orc warrior.
The orc warrior hits you with a +0 glaive!!
Joseph unwields a +0 quarterstaff.
Joseph wields a +2 sling of flaming.
It bursts into flame!
Joseph shoots a sling bullet.
The sling bullet hits you! The sling bullet burns you.
The orc warrior closely misses you.
As you read the scroll of teleportation, it crumbles to dust.
You feel strangely unstable.
Joseph shoots a sling bullet.
The sling bullet barely misses you.
The orc warrior hits you with a +0 glaive!!
* * * LOW HITPOINT WARNING * * *
A red film seems to cover your vision as you go berserk!
You feel yourself moving faster!
You feel mighty!
Joseph shoots a sling bullet.
The sling bullet hits you!!
* * * LOW HITPOINT WARNING * * *
The sling bullet burns you.
* * * LOW HITPOINT WARNING * * *
The orc warrior hits you with a +0 glaive.
* * * LOW HITPOINT WARNING * * *
You are too berserk!
You feel a strong urge to attack something.
The orc warrior hits you with a +0 glaive!
You die...

.....#### ........#
.#.#........#
...#........#
#.>.....!...#
######..........# ##..
................###.....
.......#........@.......
................o@......
............))..........
............####..[.....
............# #........
............# #........
.......###### #........
....#.## #........
#.#.#.# .......


You could see Joseph and an orc warrior.

Vanquished Creatures
  A gargoyle (D:6)
  Sigmund (D:2)
  The ghost of superradish the Trooper, an amateur DrMo of Xom (D:6)
  A vampire mosquito (D:6)
  An orc warrior (D:7)
  An ice beast (D:6)
  An ogre (D:5)
  2 sky beasts (D:7)
  2 black bears (D:5)
  A centaur (D:7)
  A scorpion (D:6)
  2 bullfrogs (D:7)
  2 necrophages
  3 hounds
  2 jellies
  2 gnoll boudas (D:7)
  6 orc priests
  Ijyb (D:3)
  Jessica (D:2)
  4 iguanas
  Natasha (thrice) (D:3)
  4 orc wizards
  8 adders
  12 gnolls
  3 river rats
  4 worms
  A dart slug (D:2)
  18 orcs
  An endoplasm (D:3)
  5 giant cockroaches
  5 goblins
  11 hobgoblins
  6 jackals
  5 quokkas
  5 ball pythons
  4 bats
  8 frilled lizards
  3 kobolds
  10 rats
  A spectral orc (D:3)
153 creatures vanquished.

Notes
Turn   | Place    | Note
-------+----------+-------------------------------------------
     0 | D:1      | Hiippo the Palentonga Berserker began the quest for the
                  | Orb.
     0 | D:1      | Reached XP level 1. HP: 19/19 MP: 1/1
   301 | D:1      | Reached XP level 2. HP: 18/25 MP: 2/2
   940 | D:2      | Found a blossoming altar of Fedhas.
  1044 | D:2      | Noticed Sigmund
  1059 | D:2      | Killed Sigmund
  1060 | D:2      | Reached skill level 5 in Axes
  1060 | D:2      | Reached XP level 3. HP: 32/32 MP: 3/3
  1060 | D:2      | Reached XP level 4. HP: 39/39 MP: 4/4
  1060 | D:2      | Reached XP level 5. HP: 44/44 MP: 5/5
  1436 | D:2      | Reached ** piety under Trog
  1525 | D:2      | Noticed Jessica
  1529 | D:2      | Killed Jessica
  1821 | D:3      | Reached XP level 6. HP: 30/52 MP: 6/6
  1961 | D:3      | Found a sacrificial altar of Ru.
  1980 | D:3      | Noticed Ijyb
  1982 | D:3      | Noticed Natasha
  2046 | D:3      | Killed Ijyb
  2048 | D:3      | Killed Natasha
  2058 | D:3      | Noticed Natasha
  2068 | D:3      | Killed Natasha
  2069 | D:3      | Reached skill level 6 in Axes
  2115 | D:3      | Noticed Natasha
  2118 | D:3      | Killed Natasha
  2214 | D:3      | Found a basalt altar of Yredelemnul.
  3295 | D:4      | Reached *** piety under Trog
  3311 | D:4      | Found a glowing drain.
  3315 | Sewer    | Entered a sewer
  3352 | Sewer    | Reached skill level 5 in Fighting
  3802 | D:4      | Gained mutation: You curl defensively after being hit. (AC
                  | +7*) [Palentonga growth]
  3802 | D:4      | Reached XP level 7. HP: 56/59 MP: 7/7
  4363 | D:5      | Entered Level 5 of the Dungeon
  4423 | D:5      | Reached skill level 7 in Axes
  5439 | D:5      | Found a white marble altar of Elyvilon.
  5498 | D:5      | Reached skill level 8 in Axes
  5510 | D:5      | Reached XP level 8. HP: 56/68 MP: 8/8
  5915 | D:6      | Noticed a gargoyle
  5922 | D:6      | Killed a gargoyle
  5923 | D:6      | Reached skill level 9 in Axes
  6072 | D:6      | Found an ancient bone altar of Kikubaaqudgha.
  6161 | D:6      | Found a sparkling altar of Nemelex Xobeh.
  6177 | D:6      | Found a runed translucent door.
  6178 | D:6      | Noticed superradish's ghost (amateur DrMo)
  6195 | D:6      | Killed superradish's ghost
  6312 | D:6      | Found a burning altar of Makhleb.
  6386 | D:6      | Found Xaekoeqa's Assorted Antiques.
  6630 | D:7      | Reached skill level 10 in Axes
  6630 | D:7      | Found a staircase to the Ecumenical Temple.
  6674 | D:7      | Reached XP level 9. HP: 77/77 MP: 9/9
  6695 | D:7      | Reached **** piety under Trog
  7183 | D:7      | Reached skill level 11 in Axes
  7513 | D:7      | Gained mutation: You have large cloven feet. [potion of
                  | mutation]
  7632 | D:8      | Noticed Joseph
  7641 | D:8      | Slain by an orc warrior

Illustrated notes

Levels and vault maps discovered:
D:1:      lightli_arrival_quake, layout_basic, minmay_misc_feat_four_crosses,
          nicolae_figureground_sparkle
D:2:      layout_loops_corners, basic_altar, uniq_jessica, uniq_sigmund
D:3:      layout_basic, nicolae_ru_sacrificial_ziggurat,
          yredelemnul_forgotten_temple_becter, st_stairs_14, uniq_ijyb,
          uniq_natasha
D:4:      layout_basic, gup_sewer_entry_spiral, serial_bayou_pond_e
D:5:      layout_loops_corners, general_overflow_altar
D:6:      minmay_cornered_nines, layout_rooms, nemelex_diamond_rough_becter,
          kiku_gazebo_pond_becter, nicolae_overflow_crystal_walls, serial_shops,
          nicolae_square_shop, hellmonk_ghost_happy_afterlife
D:7:      layout_rooms, minmay_temple_entry_grid, hangedman_decor_diamond_cutter
D:8:      layout_basic, uniq_gastronok, uniq_joseph, uniq_psyche

Skill      XL: |  1  2  3  4  5  6  7  8  9 |
---------------+----------------------------+-----
Fighting       | 4 5 6 7 8 |  8.1
Axes           | 5 6 8 10 11 | 11.0
Armour         | |  1.7
Dodging        | |  1.7

Action                   |  1- 3 |  4- 6 |  7- 9 || total
-------------------------+-------+-------+-------++-------
Melee: Hand axe          |    45 |   190 |   222 ||   457
       Tailslap          |     6 |    21 |    27 ||    54
       Punch             |     1 |     2 |     3 ||     6
Invok: Berserk           |     1 |     1 |     4 ||     6
       Trog's Hand       |       |     1 |       ||     1
 Abil: Rolling Charge    |    14 |    37 |    24 ||    75
  Use: Scroll            |     5 |       |    13 ||    18
       Potion            |       |       |     7 ||     7
Armor: Plate armour      |    24 |   106 |   115 ||   245
Dodge: Dodged            |     6 |    45 |    40 ||    91
